[Event "Late-Titled-Tuesday-Blitz-June-04-2024"]
[Site "Chess.com"]
[Date "2024.06.04"]
[Round "5"]
[White "luca_va99"]
[Black "Lavandum24"]
[Result "1-0"]
[WhiteElo "2172"]
[BlackElo "1829"]
[TimeControl "180+1"]
[EndTime "14:55:38 PDT"]
[Termination "luca_va99 won on time"]

1. e4 Nc6 2. d4 e5 3. Nf3 d6 4. dxe5 Nxe5 5. Nxe5 dxe5 6. Qxd8+ Kxd8 7. Bc4 Ke8 8. Nc3 c6 9. Bg5 h6 10. Bh4 Be7 11.
Bg3 Bd6 12. O-O-O Bc7 13. Bb3 Nf6 14. f3 Ke7 15. Bf2 Bd6 16. Rd2 Be6 17. Rhd1 Rhd8 18. Rxd6 Rxd6 19. Bc5 Ne8 20. Bxe6 Kxe6 21. Bxd6 Nxd6 22.
Na4 b6 23. b3 Rd8 24. Nb2 Rd7 25. c4 Nb7 26. Nd3 c5 27. Kc2 Nd8 28. f4 f6 29.
Rf1 Nc6 30. Rf2 Rd4 31. fxe5 Nxe5 32. Nf4+ Kf7 33. Re2 Ng4 34. h3 Ne5 35. Nd5 Nc6 36. a3 Ne7 37. Kc3 Nxd5+ 38. exd5 Rf4 39. b4 Rd4 40.
bxc5 bxc5 41. Rb2 Ke7 42. Rb7+ Kd6 43. Rxa7 Rd1 44. Rxg7 Rc1+ 45. Kb3 1-0

[Event "Late-Titled-Tuesday-Blitz-June-04-2024"]
[Site "Chess.com"]
[Date "2024.06.04"]
[Round "5"]
[White "Kiborg95"]
[Black "Oleksandr_Bortnyk"]
[Result "1/2-1/2"]
[WhiteElo "2915"]
[BlackElo "3036"]
[TimeControl "180+1"]
[EndTime "14:55:39 PDT"]
[Termination "Game drawn - insufficient material"]

1. e4 Nf6 2. d3 d5 3. Nd2 e5 4.
Ngf3 Nc6 5. c3 dxe4 6. dxe4 Bc5 7. b4 Bb6 8. Be2 O-O 9. O-O a6 10. a4 Qe7 11. Qc2 Rd8 12. Nc4 Bg4 13. Bg5 h6 14.
Bh4 Bxf3 15. Bxf3 Qe6 16. Be2 Rd7 17. Bg3 Rad8 18. b5 Na5 19. Qa2 Nxe4 20. Nxb6 Qxb6 21.
Bf3 Rd2 22. Qb1 Nxg3 23. hxg3 g6 24. Qe4 Qf6 25. Qb4 Qb6 26. Rae1 axb5 27. axb5 c5 28. bxc6 Qxb4 29. cxb4 Nxc6 30. Bxc6 bxc6 31. Rxe5 Rb2 32. Rc5 Rd6 33. Rfc1 Rdd2 34. Rf1 Rxb4 35. Rxc6 Rbb2 36. Rc3 h5 37. Rf3 Kg7 38. Re1 Re2 39. Rxe2 Rxe2 40. Kf1 Ra2 41. Re3 f5 42. Rb3 Kf6 43. Rb4 Kg5 44. f3 Rc2 45. Kg1 Kf6 46. Kf1 Rc6 47. Kf2 Ke5 48. Ra4 Rc2+ 49. Kg1 Rd2 50. Ra6 Rd6 51.
Ra8 Kd4 52. Kf2 Rb6 53. Rd8+ Ke5 54. Re8+ Kf6 55. Re2 Kg5 56. Rc2 h4 57. gxh4+ Kxh4 58. Rc4+ Kg5 59. Kg3 Rb2 60. Ra4 Rc2 61. Rb4 Rc8 62. Ra4 Rf8 63. Ra6 f4+ 64. Kf2 Rc8 65. Ra2 Rd8 66. Kg1 Kh4 67. Kh2 Rh8 68. Ra5 Rh5 69. Rxh5+ gxh5 70. g3+ fxg3+ 71. Kg2 Kg5 72. Kxg3 h4+ 73. Kh3 Kf4 74. Kxh4 Kxf3 1/2-1/2

[Event "Late-Titled-Tuesday-Blitz-June-04-2024"]
[Site "Chess.com"]
[Date "2024.06.04"]
[Round "5"]
[White "familijatop71"]
[Black "szachmistrz2500"]
[Result "0-1"]
[WhiteElo "2291"]
[BlackElo "2495"]
[TimeControl "180+1"]
[EndTime "14:55:39 PDT"]
[Termination "szachmistrz2500 won on time"]

1. e4 c5 2. c3 Nf6 3. e5 Nd5 4.
Nf3 Nc6 5. d4 cxd4 6. Bc4 Nb6 7.
Bb3 d5 8. exd6 Qxd6 9. O-O Bf5 10. Nxd4 Nxd4 11. cxd4 e6 12. Nc3 Be7 13. Qf3 O-O 14. Rd1 Qd7 15. d5 e5 16. h3 Bd6 17. Ne4 Bxe4 18. Qxe4 f5 19. Qh4 Nc8 20. Be3 Ne7 21. Rac1 f4 22. Bc5 Nf5 23. Qg4 Rad8 24. Bxa7 e4 25.
Bc2 Rde8 26. Re1 b5 27. Bxe4 Re5 28. Bxf5 Rexf5 29. Bc5 h6 30. Bxd6 Qxd6 31. Red1 Rxd5 32. Rxd5 Qxd5 33. Rd1 Qxa2 34. Qe2 Qb3 35. f3 Kh7 36. Rd3 Qc4 37. Qe4+ Qxe4 38. fxe4 Re8 39. Rd4 Kg6 40. Kf2 Kf6 41. Kf3 g5 42. Rd6+ Re6 43. Rxe6+ Kxe6 44. g3 fxg3 45. Kxg3 h5 46. Kf3 Ke5 47. Ke3 g4 48. hxg4 hxg4 49. b3 b4 0-1

[Event "Late-Titled-Tuesday-Blitz-June-04-2024"]
[Site "Chess.com"]
[Date "2024.06.04"]
[Round "5"]
[White "Faqade"]
[Black "GMTalks_Youtube"]
[Result "1-0"]
[WhiteElo "2604"]
[BlackElo "2744"]
[TimeControl "180+1"]
[EndTime "14:55:41 PDT"]
[Termination "Faqade won by checkmate"]

1. e4 e5 2. Nf3 Nc6 3. Bb5 a6 4.
Ba4 d6 5. Bxc6+ bxc6 6. d4 f6 7. c4 Ne7 8. Nc3 Ng6 9. Be3 Be7 10.
h4 h5 11. Qd2 Be6 12. d5 cxd5 13. cxd5 Bg4 14. O-O-O O-O 15. Kb1 Rb8 16. Rc1 Qc8 17.
Nh2 Bd7 18. Nf1 f5 19. Bg5 f4 20. Nh2 Bxg5 21. hxg5 Qd8 22. Nf3 Bg4 23. Qd3 Rb6 24. Na4 Rb4 25. Nc3 a5 26. Rc2 Qe7 27. a3 Rb3 28. Ka2 Rfb8 29. Nd2 R3b7 30. f3 Bd7 31. Rxh5 Be8 32. Nc4 Ra7 33. Qe2 Nf8 34. Qf2 Ra6 35.
Rh1 Qxg5 36. Rhc1 Nd7 37. Na4 Nf6 38. b3 Raa8 39. Ncb2 Bxa4 40. Nxa4 Ne8 41. Rc6 Rb7 42. R1c3 Rab8 43. Nb2 Qh6 44. a4 Qh1 45. Rc1 Qh2 46.
R6c3 Rb4 47. Nc4 Nf6 48. Nxa5 Nd7 49. Nc6 Nc5 50. Nxb8 Rxb8 51. Rxc5 dxc5 52. Rxc5 Rb4 53. Rxc7 Rd4 54. Rc4 Rd1 55. Rc8+ Kh7 56. Qb2 Qh1 57. Qxe5 Qe1 58. Qh5# 1-0

[Event "Late-Titled-Tuesday-Blitz-June-04-2024"]
[Site "Chess.com"]
[Date "2024.06.04"]
[Round "5"]
[White "jup1978"]
[Black "jinxy2009"]
[Result "0-1"]
[WhiteElo "2405"]
[BlackElo "2273"]
[TimeControl "180+1"]
[EndTime "14:55:42 PDT"]
[Termination "jinxy2009 won by checkmate"]

1. d4 d5 2. c4 c6 3. Nf3 Nf6 4. Nbd2 Bf5 5. e3 e6 6. b3 Bd6 7. Nh4 Bg6 8. g3 Nbd7 9. Nxg6 hxg6 10. Bg2 Qe7 11. Bb2 a5 12. Qc2 O-O 13. O-O b5 14. e4 dxe4 15. Nxe4 Nxe4 16. Bxe4 Rac8 17. c5 Bb8 18. Rfe1 Nf6 19. Bg2 Rfd8 20. a4 b4 21. Rad1 Nd5 22. h4 Qf6 23. Bc1 Qf5 24. Qxf5 gxf5 25. Bg5 Rd7 26. Rd2 Bc7 27. Bxd5 Rxd5 28. Be3 Bd8 29. Rc2 Bf6 30. Rc4 Rcd8 31. Kf1 Bxd4 32. Rc2 Bxe3 33. Rxe3 Kf8 34. Ke2 Ke7 35. Rf3 Re5+ 36. Re3 Kf6 37. f4 Rxe3+ 38. Kxe3 Rd5 39. Rc1 e5 40. fxe5+ Kxe5 41. Rc2 Rd4 42. Rf2 g6 43. h5 gxh5 44. Rh2 Rg4 45. Kf3 Rg5 46. Re2+ Kd5 47.
Rc2 Rg4 48. Rh2 Kxc5 49. Rxh5 Kd4 50. Rxf5 Rg6 51. Rxa5 Kc3 52. Rc5+ Kxb3 53. a5 Rg8 54. Rxc6 Ra8 55. Rc7 Rxa5 56. Rxf7 Ka2 57. Rb7 b3 58. g4 Ra4 59. g5 b2 60. g6 b1=Q 61. Rxb1 Kxb1 62. g7 Ra8 63. Kf4 Rg8 64. Kf5 Rxg7 65.
Kf6 Ra7 66. Kf5 Ra6 67. Ke5 Kb2 68. Kd5 Kb3 69. Kc5 Ka4 70. Kc4 Rc6+ 71. Kd5 Rc8 72. Ke5 Kb5 73. Kd5 Rd8+ 74. Ke6 Kc5 75. Ke7 Rd1 76. Ke6 Rd2 77. Kf7 Re2 78. Kf6 Kd5 79. Kg5 Rf2 80. Kg4 Ke5 81. Kg3 Rf8 82. Kh3 Rg8 83.
Kh4 Kf5 84. Kh5 Rh8# 0-1

[Event "Late-Titled-Tuesday-Blitz-June-04-2024"]
[Site "Chess.com"]
[Date "2024.06.04"]
[Round "5"]
[White "shimastream"]
[Black "Flawless_Fighter"]
[Result "1-0"]
[WhiteElo "2995"]
[BlackElo "2673"]
[TimeControl "180+1"]
[EndTime "14:55:43 PDT"]
[Termination "shimastream won by resignation"]

1. Nf3 d5 2. g3 Nf6 3. Bg2 e6 4. c4 Be7 5. d4 O-O 6. Nc3 c6 7. O-O Nbd7 8. b3 b6 9. Bb2 Ba6 10. Nd2 Rc8 11. e4 b5 12. e5 Ne8 13. c5 b4 14. Ne2 Nc7 15. Re1 f6 16. exf6 Bxf6 17.
Rc1 Bxe2 18. Qxe2 Qe7 19. f4 a5 20. Nf3 Rce8 21. h4 Qf7 22. Kh2 Nb5 23. Qd2 Qg6 24.
Re3 Bd8 25. Rce1 Nf6 26. Bh3 Ne4 27. Rxe4 dxe4 28. Ne5 Qh6 29. Rxe4 Nc7 30. Nxc6 Bf6 31. Qe2 Kh8 32. Bc1 Qg6 33. h5 Qf7 34. Nxa5 g6 35. Nc4 Qg7 36. hxg6 hxg6 37. Nd6 Re7 38. Kg2 Kg8 39. Qc4 g5 40. Nf5 Qh7 41. Nxe7+ Bxe7 42. Bxe6+ Kh8 43. f5 Bf6 44. d5 g4 45. Rxg4 Nxe6 46. fxe6 Qf5 47. Rf4 Qh5 48. Rh4 Bxh4 49. Qxh4 Qxh4 50. gxh4 Rf5 51. e7 Re5 52. d6 Kg8 53. c6 Kf7 54. Bg5 Rc5 55. d7 1-0

[Event "Late-Titled-Tuesday-Blitz-June-04-2024"]
[Site "Chess.com"]
[Date "2024.06.04"]
[Round "5"]
[White "gabduschew"]
[Black "WPWPWP-2015"]
[Result "0-1"]
[WhiteElo "2330"]
[BlackElo "2525"]
[TimeControl "180+1"]
[EndTime "14:55:43 PDT"]
[Termination "WPWPWP-2015 won on time"]

1. e4 c5 2. Nf3 d6 3. d4 cxd4 4. Nxd4 Nf6 5. Bd3 e6 6. c4 Be7 7. Nc3 O-O 8. O-O Nbd7 9. Qe2 Re8 10. b3 a6 11. Bb2 Qc7 12. Kh1 b6 13. Rae1 Bb7 14. f4 Qc5 15. Nf3 e5 16. fxe5 Nxe5 17. Nxe5 dxe5 18. Nd5 Bxd5 19. exd5 Bd6 20. Bf5 b5 21. g4 h6 22. h4 bxc4 23. bxc4 Reb8 24. g5 hxg5 25. hxg5 Rxb2 26. Qxb2 Nh5 27. Qg2 g6 28.
Bg4 Nf4 29. Qe4 Kg7 30. Rxf4 Rh8+ 31. Kg2 exf4 32. Rh1 Rxh1 33. Kxh1 Qf2 34. Qf3 Qe1+ 35. Kg2 Qd2+ 36. Qe2 Qc3 37. Bf3 Qd4 38. Qe4 Qd2+ 39.
Qe2 Qc3 40. Qe4 Bc5 41. Qe2 Qd4 42. Qf1 Qd2+ 43. Qe2 Qd4 44. Qf1 Kf8 45. Bg4 Qe3 46. Bf3 Qd2+ 47. Qe2 Qd4 48. Qf1 Be7 0-1

[Event "Late-Titled-Tuesday-Blitz-June-04-2024"]
[Site "Chess.com"]
[Date "2024.06.04"]
[Round "5"]
[White "aghasiyevkamal"]
[Black "fpawn"]
[Result "1-0"]
[WhiteElo "2607"]
[BlackElo "2415"]
[TimeControl "180+1"]
[EndTime "14:55:43 PDT"]
[Termination "aghasiyevkamal won by resignation"]

1. d4 d5 2. Bf4 Nf6 3. e3 c5 4. Nd2 e6 5. c3 Nc6 6. Bd3 Be7 7. h3 O-O 8. Ngf3 Nd7 9. O-O f5 10. c4 Nf6 11. cxd5 Nxd5 12. Bh2 Ndb4 13. Bc4 a6 14. a3 Nd5 15. Rc1 cxd4 16. exd4 Bf6 17. Nb3 b5 18.
Bxb5 axb5 19. Rxc6 b4 20. axb4 Nxb4 21. Rd6 Qe7 22. Nc5 Nd5 23. Re1 Qf7 24. Ne5 Qe8 25. Ned7 Bxd7 26. Nxd7 Rf7 27. Rexe6 Qxd7 28. Rxd7 Rxd7 29.
Be5 Kf7 30. Rc6 Rad8 31. Qh5+ Kg8 32. Qxf5 Ne7 33. Qe6+ Kh8 34. Bxf6 gxf6 35. Qxf6+ Kg8 36. Rc3 Ng6 37. Qe6+ Kh8 38. Rc4 Rd6 39. Qe4 R8d7 40. g3 Re7 41. Qa8+ Kg7 42. h4 h5 43. Qc8 Rde6 44. Rc7 Re1+ 45. Kg2 Kf6 46. Rxe7 Rxe7 47. b4 Rf7 48. b5 Ne7 49. Qd7 Nf5 50. Qd8+ Kg6 51. b6 Ne7 52. b7 Nc6 53. Qg8+ Kf5 54.
Qxf7+ 1-0

[Event "Late-Titled-Tuesday-Blitz-June-04-2024"]
[Site "Chess.com"]
[Date "2024.06.04"]
[Round "5"]
[White "Jospem"]
[Black "traviscottofficial"]
[Result "1-0"]
[WhiteElo "3031"]
[BlackElo "2679"]
[TimeControl "180+1"]
[EndTime "14:55:44 PDT"]
[Termination "Jospem won by resignation"]

1. e4 e5 2. Nf3 Nc6 3. Nc3 Nf6 4.
g3 Bc5 5. Bg2 O-O 6. d3 d6 7.
O-O h6 8. h3 a6 9. Kh2 Nd4 10. Be3 Nxf3+ 11. Qxf3 Bxe3 12. Qxe3 Qe7 13. f4 c6 14. Rae1 Bd7 15. Qf3 Rae8 16. Nd1 Nh7 17. Ne3 Kh8 18. Qh5 Qe6 19. b3 Nf6 20. Qd1 Qe7 21. a4 Ra8 22. a5 Rae8 23. Qd2 Nh5 24. Nc4 Be6 25. Ne3 Bc8 26. Qf2 Nf6 27. Nc4 Nd7 28. d4 Rd8 29. c3 f6 30. Ne3 Nb8 31. Kg1 Be6 32. b4 Bc8 33. h4 Rfe8 34. Rd1 Qf7 35.
dxe5 dxe5 36. Rxd8 Rxd8 37. fxe5 Nd7 38. exf6 Qxf6 39. Qxf6 Nxf6 40. e5 Ng8 41. Nc4 Be6 42. Nd6 Rd7 43. Rf8 g6 44. Be4 Kg7 45. Rb8 Ne7 46.
Rxb7 Rxb7 47. Nxb7 Bd5 48. Bd3 Bb3 49. Nc5 Bf7 50. Bxa6 Nd5 51. e6 Be8 52. Bb7 Nxc3 53. a6 Nb5 54. Nd7 Na7 55. Kf2 g5 56. Ke3 Kg6 57. Ke4 gxh4 58. gxh4 Kh5 59. Nf6+ Kxh4 60. Nxe8 Kg5 61. Ke5 Kg6 62. Nd6 1-0

[Event "Late-Titled-Tuesday-Blitz-June-04-2024"]
[Site "Chess.com"]
[Date "2024.06.04"]
[Round "5"]
[White "Nf3c5"]
[Black "KNVB"]
[Result "0-1"]
[WhiteElo "2604"]
[BlackElo "2778"]
[TimeControl "180+1"]
[EndTime "14:55:44 PDT"]
[Termination "KNVB won by resignation"]

1. d4 e5 2. dxe5 Nc6 3. Nf3 Qe7 4. Bf4 Qb4+ 5. Bd2 Qxb2 6. Nc3 Bb4 7. Rb1 Qxc3 8. Bxc3 Bxc3+ 9. Nd2 Nxe5 10. Rb3 Ba5 11. Qa1 f6 12. Re3 Ne7 13. Rxe5 fxe5 14. Qxe5 Bxd2+ 15. Kxd2 d6 16. Qxg7 Rg8 17. Qxh7 Bf5 18.
Qh5+ Bg6 19. Qb5+ Kf7 20. Qxb7 Rab8 21. Qf3+ Kg7 22. e4 c5 23. Qc3+ Kh7 24. h4 Nc6 25. h5 Bxe4 26. Bd3 Rb4 27. f3 Bxd3 28. Qxd3+ Kh8 29.
c3 Rxg2+ 30. Ke3 Ne5 31. cxb4 Nxd3 32. Kxd3 cxb4 33. f4 Rxa2 34. f5 a5 35. Ke3 Kg7 36.
h6+ Kh7 37. f6 Rc2 38. Kf4 Rc8 39. Kf5 b3 40. Ra1 b2 41. Rb1 Rb8 42. f7 Kxh6 43.
Kf6 Kh5 44. Ke7 d5 45. Rxb2 Rxb2 46. f8=Q Rb4 47. Qh8+ Kg4 48. Qe5 Re4 49. Ke6 Rxe5+ 50. Kxe5 a4 51. Kd4 a3 52. Kc3 Kf3 53. Kb3 Ke3 54.
Kxa3 d4 55. Kb2 d3 56. Kc1 Ke2 57. Kb2 d2 0-1

[Event "Late-Titled-Tuesday-Blitz-June-04-2024"]
[Site "Chess.com"]
[Date "2024.06.04"]
[Round "5"]
[White "Slovak_fighter2000"]
[Black "Sl4werThanYou"]
[Result "0-1"]
[WhiteElo "2525"]
[BlackElo "2752"]
[TimeControl "180+1"]
[EndTime "14:55:45 PDT"]
[Termination "Sl4werThanYou won by checkmate"]

1. d4 Nf6 2. c4 e6 3. Nf3 h6 4.
g3 d5 5. Bg2 Bb4+ 6. Bd2 Be7 7.
O-O O-O 8. Qc2 c6 9. Bf4 Nbd7 10. Nbd2 Nh5 11. Be3 f5 12. Bf4 Nxf4 13. gxf4 g5 14. fxg5 hxg5 15. Ne1 Nf6 16. e3 Bd7 17. Nd3 Bd6 18. Nf3 Qe7 19. Nfe5 Be8 20. c5 Bc7 21. f4 Ng4 22. Nxg4 fxg4 23. Ne5 Bxe5 24. fxe5 Bh5 25. Rxf8+ Rxf8 26. Rf1 Kg7 27. Rxf8 Qxf8 28. Qf2 Qd8 29. Bf1 b6 30. b4 bxc5 31. bxc5 Bg6 32. Ba6 Bf5 33. Qb2 Qa5 34. Bf1 Qe1 35. Qe2 Qc1 36.
Kg2 Kh6 37. Kg3 a5 38. Qf2 a4 39. Be2 Qc2 40. Bf1 a3 41. Qe1 Qxa2 42. Qa5 Qb3 43. Kf2 Qb2+ 44. Kg1 Qc1 45. Kf2 Qb2+ 46. Kg1 g3 47.
hxg3 Kh5 48. Qd8 Kg4 49. Qg8 a2 50. Qg7 a1=Q 51. Qh6 Qxf1+ 52. Kxf1 Bd3+ 53. Kg1 Qc1+ 54.
Kh2 Qd2+ 55. Kh1 Be4+ 56. Kg1 Qg2# 0-1

[Event "Late-Titled-Tuesday-Blitz-June-04-2024"]
[Site "Chess.com"]
[Date "2024.06.04"]
[Round "5"]
[White "czasnaszachy"]
[Black "IMRosen"]
[Result "0-1"]
[WhiteElo "2471"]
[BlackElo "2744"]
[TimeControl "180+1"]
[EndTime "14:55:46 PDT"]
[Termination "IMRosen won on time"]

1. d4 d5 2. c4 e6 3. Nf3 Nf6 4.
Nc3 Nbd7 5. Qc2 c5 6. cxd5 exd5 7. g3 cxd4 8. Nxd4 Bc5 9. Nb3 Bb6 10. Bg2 d4 11.
Na4 O-O 12. Nxb6 Nxb6 13. O-O Be6 14. Bxb7 Rb8 15. Bg2 Rc8 16. Qd1 Bxb3 17. Qxb3 Qe7 18. Bf3 h6 19. Bd2 Rfd8 20. Bb4 Qe5 21. Rac1 Rb8 22.
Qa3 Nbd5 23. Bd2 Ne4 24. Rfd1 Rd7 25. Be1 Ng5 26. Rc2 Re8 27. h4 Nxf3+ 28. Qxf3 Nf6 29. Kg2 Red8 30. Rd3 Ne4 31. Bd2 Nc5 32. Ra3 Ne6 33. Ra5 Qd6 34. b4 Qb6 35. Rc6 Qb8 36. a3 d3 37.
exd3 Rxd3 38. Be3 Nd4 39. Qe4 Nxc6 40. Qxc6 R3d7 41. Rb5 Qa8 42. Qxa8 Rxa8 43. Ra5 f6 44. b5 Rb7 45. b6 a6 46. Rc5 Kf7 47. a4 a5 48. Rb5 Ke6 49. Bd2 Kd6 50. Bxa5 Kc6 51.
Kf3 g6 0-1

[Event "Late-Titled-Tuesday-Blitz-June-04-2024"]
[Site "Chess.com"]
[Date "2024.06.04"]
[Round "5"]
[White "djano"]
[Black "Godzillator"]
[Result "1-0"]
[WhiteElo "2609"]
[BlackElo "2420"]
[TimeControl "180+1"]
[EndTime "14:55:47 PDT"]
[Termination "djano won on time"]

1. e4 d5 2. d4 dxe4 3. Nc3 c6 4. f3 e3 5. Bxe3 Nf6 6. Bc4 Bf5 7. Nge2 e6 8. Bd3 Bg6 9. h4 Nd5 10. Bd2 Bxd3 11. cxd3 h6 12. Ne4 Be7 13. h5 Na6 14.
O-O O-O 15. Qe1 Nab4 16. Qg3 Kh8 17. f4 Nf6 18. Nxf6 gxf6 19. f5 Rg8 20. Qe3 Bf8 21. fxe6 Nc2 22. Qe4 Nxa1 23. exf7 Rg7 24. Nf4 Rxf7 25.
Ne2 Nc2 26. Nf4 Qxd4+ 27. Qxd4 Nxd4 28. Bc3 c5 29. Ng6+ Kg7 30. Kh2 Re8 31. Rf4 f5 32. Kh3 Bd6 33. Rf1 Re3+ 34. Kh4 Bg3+ 35. Kh3 Be1+ 36.
Kh2 Bxc3 37. bxc3 Ne6 38. Nh4 f4 39. d4 cxd4 40. cxd4 Nxd4 41. Rd1 Nf5 42. Nf3 Ng3 43.
Rd6 Rf5 44. Rd7+ Kf8 45. Kh3 Rxh5+ 46. Kg4 Rb5 47. Kxf4 Nf1 48. Rd1 Re7 49. Rxf1 Rf7+ 50. Kg3 Rb2 51. a4 Ra2 52. Rc1 Rxa4 53. Rc8+ Kg7 54.
Ne5 Ra3+ 55. Kh2 Rf5 56. Rc7+ Kf6 57. Ng4+ Kg5 58. Nf2 Rxf2 59. Rxb7 Raa2 60. Kh1 h5 61. Rg7+ Kh6 62. Rg8 Rxg2 63. Rh8+ Kg5 64. Rxh5+ Kf4 65. Rf5+ Ke4 66. Re5+ Kd4 67. Rd5+ Kc4 68. Rc5+ Kb4 69. Rb5+ Ka4 70. Ra5+ Kb4 71. Rb5+ Kc3 72. Rc5+ Kb2 73. Rb5+ 1-0

[Event "Late-Titled-Tuesday-Blitz-June-04-2024"]
[Site "Chess.com"]
[Date "2024.06.04"]
[Round "5"]
[White "Nemsko"]
[Black "MuhittinBuker"]
[Result "1-0"]
[WhiteElo "2346"]
[BlackElo "2218"]
[TimeControl "180+1"]
[EndTime "14:55:47 PDT"]
[Termination "Nemsko won on time"]

1. e4 e5 2. Nf3 Nc6 3. Bb5 a6 4. Ba4 Nf6 5. O-O b5 6. Bb3 Be7 7. Re1 O-O 8. h3 d6 9. c3 Na5 10. Bc2 c5 11. d4 Qc7 12. d5 c4 13. Nbd2 Nb7 14. Nf1 Nc5 15. Kh2 Re8 16. g4 g6 17.
Ng3 a5 18. Bh6 a4 19. a3 Ba6 20. Qd2 Nd3 21. Bxd3 cxd3 22. Qxd3 b4 23. Qe3 bxc3 24. bxc3 Rec8 25. Rec1 Rab8 26. Nf5 Ne8 27. Nxe7+ Qxe7 28. Nd2 Rb2 29. Rcb1 Rcb8 30. Rxb2 Rxb2 31. Rb1 Qb7 32. Rxb2 Qxb2 33. Qa7 Qb7 34. Qxb7 Bxb7 35. Nc4 Ba6 36. Nb6 Bd3 37. f3 Bc2 38. c4 f6 39. Be3 Kf7 40. c5 dxc5 41. Bxc5 Ng7 42. Nc4 Bb3 43. Nd6+ Kg8 44.
Kg3 Bc2 45. Kf2 f5 46. Ke3 fxg4 47. fxg4 h5 48. Nc4 hxg4 49. hxg4 Ne8 50. Nxe5 Nf6 51.
d6 1-0

[Event "Late-Titled-Tuesday-Blitz-June-04-2024"]
[Site "Chess.com"]
[Date "2024.06.04"]
[Round "5"]
[White "mightysmasher"]
[Black "Sacbutt"]
[Result "0-1"]
[WhiteElo "2555"]
[BlackElo "2331"]
[TimeControl "180+1"]
[EndTime "14:55:48 PDT"]
[Termination "Sacbutt won on time"]

1. e4 c5 2. c3 d5 3. exd5 Qxd5 4. d4 Nf6 5. Nf3 Nc6 6. Na3 e6 7. Nb5 Qd8 8. Be2 a6 9. Na3 cxd4 10. cxd4 Bb4+ 11.
Bd2 Bxd2+ 12. Qxd2 O-O 13. O-O b5 14. Rac1 Bb7 15.
Rfd1 Qd6 16. Qe3 Rad8 17. Bd3 Nb4 18. Bb1 Nbd5 19. Qe5 h6 20. Qxd6 Rxd6 21. Ne5 Nf4 22. Rc7 Bxg2 23. Nc2 Be4 24. Nb4 Bxb1 25. Rxb1 Ne2+ 26.
Kf1 Nxd4 27. Rd1 a5 28. Nbc6 Nxc6 29. Rxd6 Nxe5 30. Rb6 Nd5 31. Rxb5 Nxc7 32. Rxe5 Nd5 33. b3 Rc8 34. Re4 Rc1+ 35. Kg2 Nb4 36. Re5 Nxa2 37.
Rxa5 Rc2 38. Kf3 f6 39. Ra7 e5 40. h4 Rb2 41. Kg4 Kh7 42. f3 Nc1 43. Rc7 Nxb3 44. Rb7 Rb1 45. Kg3 Nd2 46. Rd7 Rb2 47. h5 Nc4 48. Kh3 Rb3 49. Kg3 e4 50. Kf2 Rxf3+ 51. Ke2 Ne5 52. Rd4 e3 53. Rd5 Rh3 54. Rb5 Rxh5 0-1

[Event "Late-Titled-Tuesday-Blitz-June-04-2024"]
[Site "Chess.com"]
[Date "2024.06.04"]
[Round "5"]
[White "Kielinkei"]
[Black "ericovski"]
[Result "1-0"]
[WhiteElo "2453"]
[BlackElo "2570"]
[TimeControl "180+1"]
[EndTime "14:55:50 PDT"]
[Termination "Kielinkei won on time"]

1. c4 c5 2. g3 g6 3. Bg2 Bg7 4. Nf3 Nc6 5. O-O e6 6. Nc3 Nge7 7.
e3 Nf5 8. d3 O-O 9. Qc2 d5 10.
cxd5 exd5 11. Ne2 b6 12. d4 Ba6 13. Rd1 Nb4 14. Qd2 Nd6 15. Nc3 Nc4 16. Qe2 Re8 17. a3 Nxe3 18. Qd2 Nc4 19. Qf4 Nc2 20. Rb1 cxd4 21. Ng5 dxc3 22. Bxd5 Qf6 23. Bxf7+ Kh8 24. Qh4 h5 25. Bxe8 Rxe8 26. bxc3 N2xa3 27. Bxa3 Nxa3 28. Ra1 Qxc3 29. Qa4 Bb7 30. Qxa3 Qc6 31. f3 Qf6 32. Ne4 Qe5 33. Re1 Qf5 34. Rad1 Rf8 35. Kg2 h4 36. Rd3 h3+ 37. Kg1 g5 38. Rde3 g4 39. f4 Bd4 40. Qe7 Bxe3+ 41. Rxe3 Bxe4 42. Qxe4 Qxe4 43. Rxe4 Rb8 44. f5 b5 45. f6 Kg8 46. Rxg4+ Kf7 47. Rg7+ Kxf6 48. Rxa7 b4 49. Ra2 Ke5 50. Kf2 Kd4 51.
g4 b3 52. Ra1 1-0

[Event "Late-Titled-Tuesday-Blitz-June-04-2024"]
[Site "Chess.com"]
[Date "2024.06.04"]
[Round "5"]
[White "Chessdreamer2020"]
[Black "NikitaShnadrygin"]
[Result "1-0"]
[WhiteElo "2551"]
[BlackElo "2702"]
[TimeControl "180+1"]
[EndTime "14:55:51 PDT"]
[Termination "Chessdreamer2020 won by resignation"]

1. e4 c5 2. Nf3 e6 3. b3 Nc6 4.
Bb5 Nge7 5. Bb2 a6 6. Bxc6 Nxc6 7. O-O f6 8. Nh4 g6 9. f4 Bg7 10. f5 Ne7 11. fxg6 hxg6 12. Qg4 g5 13. Nf3 f5 14.
Qxg5 Bxb2 15. exf5 Bxa1 16. f6 Bxf6 17. Qxf6 Rf8 18.
Qh6 Qb6 19. Nc3 c4+ 20. Kh1 cxb3 21. axb3 d5 22. Re1 Qf2 23. Qh5+ Kd8 24. Ra1 Bd7 25. Qe5 Rxf3 26. gxf3 Qxf3+ 27. Kg1 Qg4+ 28. Kh1 Qf3+ 29. Kg1 Ng6 30. Qg5+ Kc7 31. Rf1 Nh4 32. Qe5+ Kc6 33. Qg7 Qh3 34. Ne2 Nf3+ 35. Rxf3 Qh8 36. Rc3+ Kd6 37. Qg3+ e5 38. Qg6+ Be6 39. Ng3 Rg8 40.
Qd3 Qh4 41. Qe2 e4 42. Qf2 Qd8 43. Qf4+ Ke7 44. Rc7+ Ke8 45. Qe5 Kf8 46. Rxb7 Bf7 47. Rb8 1-0

[Event "Late-Titled-Tuesday-Blitz-June-04-2024"]
[Site "Chess.com"]
[Date "2024.06.04"]
[Round "5"]
[White "Hirna2005"]
[Black "HajiyevKanan"]
[Result "0-1"]
[WhiteElo "2328"]
[BlackElo "2523"]
[TimeControl "180+1"]
[EndTime "14:55:52 PDT"]
[Termination "HajiyevKanan won by resignation"]

1. e4 c6 2. Nc3 d5 3. Nf3 a6 4. d4 Bg4 5. h3 Bh5 6. Be2 e6 7. O-O Nf6 8. exd5 cxd5 9. Bf4 Nc6 10.
a3 Bd6 11. Qd2 O-O 12. Rfe1 Bxf3 13. Bxf3 Rc8 14. Ne2 Bxf4 15. Nxf4 Qb6 16. c3 Na5 17.
Rab1 Nc4 18. Qe2 Qc7 19. Nd3 b6 20. Ne5 Nxe5 21. Qxe5 Qxe5 22. Rxe5 b5 23. Re2 g6 24. g3 h5 25. Kg2 Nd7 26. h4 a5 27. g4 hxg4 28.
Bxg4 Nf6 29. f3 b4 30. axb4 axb4 31. Rc1 Rc4 32. Rec2 Rfc8 33. Kf2 b3 34. Rd2 Kg7 35. Ke3 Ra8 36. Rg1 Kh6 37. Bh3 Ra2 38. Bf1 Rc7 39. Bd3 Nh5 40. Bb1 Ra1 41. Rdg2 Kg7 42. Rg5 Kf6 43. R5g2 Rca7 44. Bd3 Rxg1 45. Rxg1 Ra2 46.
Rg2 Ng7 47. Kf4 Nh5+ 48. Ke3 Ng7 49. Kf4 Ne8 50. Kg4 Ke7 51. h5 Nf6+ 52. Kg5 Nxh5 53. Rh2 Nf6 54. Bb5 Ra5 55. Bd3 Ne8 56. Rh8 Ra2 57.
Rh2 Nd6 58. Kh6 Kf6 59. Kh7 Nc4 60. Bxc4 dxc4 61. Re2 Ra5 62. Kg8 Ra8+ 63. Kh7 Ra5 64. Kg8 Rf5 65. Re3 Kg5 66. Kg7 Kf4 67. Re1 Kxf3 68.
Ra1 Ke3 69. Ra4 Kd3 70. Rb4 g5 71. Kh6 g4 0-1

[Event "Late-Titled-Tuesday-Blitz-June-04-2024"]
[Site "Chess.com"]
[Date "2024.06.04"]
[Round "5"]
[White "maximnovik"]
[Black "MarceloPlaya"]
[Result "0-1"]
[WhiteElo "2488"]
[BlackElo "2362"]
[TimeControl "180+1"]
[EndTime "14:55:53 PDT"]
[Termination "MarceloPlaya won on time"]

1. e4 e6 2. d4 d5 3. e5 c5 4. c3 Nc6 5. Nf3 Qb6 6. Bd3 Bd7 7. O-O cxd4 8. Re1 Nge7 9. h4 Nf5 10.
Bxf5 exf5 11. cxd4 Be7 12. Nc3 Be6 13. Ne2 O-O 14.
Bg5 h6 15. Bxe7 Nxe7 16. Nf4 Ng6 17. Nxg6 fxg6 18. Qd2 Rac8 19. Rac1 Rc6 20. Rxc6 bxc6 21. Rc1 Rb8 22. Rc2 Kh7 23. Qc3 Bd7 24. Ne1 f4 25. Nd3 Bf5 26. Nxf4 Bxc2 27. Qxc2 Qxd4 28. Qxg6+ Kh8 29.
Qf5 Qe4 30. Qf7 Kh7 31. e6 Qe1+ 32. Kh2 Qxf2 33. Qf5+ Kg8 34. Kh3 Rf8 35. e7 Rxf5 36. e8=Q+ Rf8 37. Qe6+ Kh7 38. g3 Qf1+ 39. Kg4 Qd1+ 40.
Kh3 Qh1+ 41. Kg4 Qe4 42. Qxc6 Qf5+ 43. Kf3 d4 44. Qd6 d3 45. h5 Qxh5+ 46. Kg2 Qf5 47. b4 Rc8 48. Kf3 Rc1 49. Ke3 Re1+ 50. Kd2 Rg1 51.
Nxd3 Rg2+ 52. Kc3 Rxa2 0-1

[Event "Late-Titled-Tuesday-Blitz-June-04-2024"]
[Site "Chess.com"]
[Date "2024.06.04"]
[Round "5"]
[White "oskariot"]
[Black "NCchamp"]
[Result "1-0"]
[WhiteElo "2692"]
[BlackElo "2430"]
[TimeControl "180+1"]
[EndTime "14:55:54 PDT"]
[Termination "oskariot won on time"]

1. e4 c6 2. d4 d5 3. Nd2 dxe4 4. Nxe4 Nf6 5. Nxf6+ exf6 6. Bd3 Bd6 7. Qh5 Be6 8.
Ne2 Nd7 9. Nf4 Bxf4 10. Bxf4 Nb6 11. O-O-O Nd5 12. Bd2 Qb6 13. Rhe1 O-O-O 14. c3 g6 15. Qf3 f5 16. Qg3 Qc7 17. Qxc7+ Kxc7 18. c4 Ne7 19. Bf4+ Kc8 20. Be5 Rhe8 21. b3 Ng8 22. Bc2 f6 23. Bf4 Bf7 24. Rxe8 Rxe8 25. h4 Ne7 26. Re1 Kd7 27. Kd2 Nc8 28. Rxe8 Bxe8 29. a4 Nd6 30. a5 a6 31. f3 Bf7 32. Kd3 Ke7 33. Bc1 Kd7 34. Ba3 Be6 35. Bc1 Bf7 36.
Kc3 Nc8 37. Kb4 Be6 38. Bf4 Bf7 39. Kc5 Be6 40. b4 Bf7 41. Ba4 Kd8 42. d5 cxd5 43.
cxd5 Be8 44. Bb3 Bb5 45. d6 Bd7 46. Bg8 Bc6 47. Bxh7 Be8 48. Bg8 Bd7 49. Bf7 Be8 50. Bxe8 Kxe8 51. g4 fxg4 52. fxg4 Kd7 53. h5 gxh5 54.
gxh5 Ke6 55. h6 Kf7 56. h7 Kg7 57. d7 Ne7 58. d8=Q 1-0